 Dungeon Crawl Stone Soup version 0.30-a0-4-ga7cffc901d (webtiles) character file.

Game seed: 3375072431016461332

134 frimble the Cutter (level 4, 0/48 HPs)
             Began as a Demonspawn Earth Elementalist on Aug 20, 2022.
             Slain by a scorpion (2 damage)
             ... on level 4 of the Dungeon.
             The game lasted 00:03:16 (3573 turns).

frimble the Cutter (Demonspawn Earth Elementalist)  Turns: 3573, Time: 00:03:17

Health: 0/48       AC: 18    Str:  8    XL:     4   Next: 95%
Magic:  7/7        EV:  2    Int: 17    God:
Gold:   121        SH:  0    Dex: 15    Spells: 6/7 levels left

rFire   . . .      SeeInvis .    e - +0 short sword
rCold   . . .      Faith    .    (no shield)
rNeg    . . .      Spirit   .    (body armour currently unavailable)
rPois   +          Reflect  .    (helmet currently unavailable)
rElec   .          Harm     .    (cloak currently unavailable)
rCorr   +          Rampage  .    (gloves currently unavailable)
Will    .....      NoTele   +    (boots currently unavailable)
Stlth   ++........               (no amulet)
HPRegen 0.16/turn                i - ring of resist corrosion
MPRegen 0.10/turn                (no ring)

@: tree-form, corroded
A: stationary, stasis, torment immunity, boosted hp, foul stench 1, (weakness
stinger 1)
a: no special abilities


You were on level 4 of the Dungeon.
You were a tree.
You visited 1 branch of the dungeon, and saw 4 of its levels.

You collected 121 gold pieces.

Inventory:

Hand Weapons
 e - a +0 short sword (weapon)
Armour
 a - a +1 robe (melded)
 b - a +0 helmet (melded)
 n - a +0 pair of boots (melded)
Jewellery
 i - a ring of resist corrosion (left branch)
Scrolls
 j - a scroll of brand weapon {unknown}
 k - a scroll of magic mapping {unknown}
 l - a scroll of poison {unknown}
 m - a scroll of vulnerability {unknown}
Potions
 g - a potion of attraction
 h - a potion of flight


   Skills:
 + Level 1.3 Fighting
 + Level 3.3 Short Blades
 - Level 2.0 Dodging
 - Level 2.0 Stealth
 - Level 2.1 Spellcasting
 - Level 1.1 Transmutations
 - Level 2.8 Earth Magic


You had 6 spell levels left.
You knew the following spells:

 Your Spells              Type           Power      Damage    Failure   Level
a - Sandblast             Erth           22%        2d7       6%          1

Your spell library contained the following spells:

 Spells                   Type           Power      Damage    Failure   Level
 Passwall                 Tmut/Erth      6%         N/A       13%         2
 Magic Dart               Conj           4%         1d3       19%         1
 Searing Ray              Conj           2%         2d4       28%         2
 Stone Arrow              Conj/Erth      12%        3d7       32%         3
 Petrify                  Tmut/Erth      8%         N/A       63%         4
 Animate Armour           Summ/Erth      12%        N/A       71%         4
 Fulminant Prism          Conj/Hex       0%         3d6       88%         4
 Blade Hands              Tmut           2%         N/A       97%         5
 Iron Shot                Conj/Erth      3%         9d2       100%        6


Dungeon Overview and Level Annotations

Branches:
Dungeon (4/15)
 Temple: D:4-7

Altars:

Annotations:
D:4 Menkaure


Innate Abilities, Weirdness & Mutations

You are a tree.
Your roots penetrate the ground, keeping you stationary.
You cannot be teleported.
You are immune to unholy pain and torment.
Your maximum health is greatly increased.
Your equipment is partially melded.
You may rarely emit foul miasma when damaged in melee.
((You have a small tail.))


Message History

The scorpion stings you.
* * * LOW HITPOINT WARNING * * *
You hit the jelly but do no damage.
Your branches burn!
* * * LOW HITPOINT WARNING * * *
The jelly is heavily wounded.
The jelly hits you but does no damage.
The scorpion stings you but does no damage.
You hit the jelly.
Your branches burn!
* * * LOW HITPOINT WARNING * * *
The jelly is heavily wounded.
The jelly hits you but does no damage.
The scorpion stings you but does no damage.
You hit the jelly.
Your branches burn!
* * * LOW HITPOINT WARNING * * *
The jelly is severely wounded.
The jelly hits you but does no damage.
The scorpion stings you but does no damage.
You hit the jelly but do no damage.
Your branches burn!
* * * LOW HITPOINT WARNING * * *
The jelly is severely wounded.
The jelly hits you but does no damage. The scorpion stings you.
* * * LOW HITPOINT WARNING * * *
You hit the jelly but do no damage.
Your branches burn!
* * * LOW HITPOINT WARNING * * *
The jelly is severely wounded.
The scorpion stings you but does no damage.
The jelly jiggles.
The jelly hits you but does no damage.
You hit the jelly. The acid corrodes you!
Your branches burn!
* * * LOW HITPOINT WARNING * * *
The jelly is severely wounded.
The scorpion stings you but does no damage.
The jelly hits you but does no damage.
Menkaure blazes with dark energy!
You hit the jelly but do no damage.
Your branches burn!
* * * LOW HITPOINT WARNING * * *
The jelly is severely wounded.
The scorpion stings you but does no damage.
The jelly barely misses you. The scorpion stings you.
You die...

#### .....# #
#... ..... ..
#... #...# .
...#...##...## ..
........#....#...
........#.......
........#J..#
.......gs♣..#
.......M#...#
.[......#...#
.......##..?#
..#.... ....# .
#.### ##.$# #.
### #


You could see Menkaure (fast), a scorpion, a jelly and a goblin.

Vanquished Creatures
  3 gnolls
  6 adders
  A worm (D:2)
  2 dart slugs
  An orc (D:3)
  A bat skeleton (D:2)
  A bat zombie (D:2)
  2 endoplasms (D:1)
  A giant cockroach (D:1)
  2 hobgoblins (D:1)
  2 jackals (D:1)
  4 kobolds
  A quokka (D:1)
  8 ball pythons
  A ball python skeleton (D:2)
  3 bats (D:2)
  2 frilled lizards (D:1)
  3 goblins
  3 rats
47 creatures vanquished.

Notes
Turn   | Place    | Note
-------+----------+-------------------------------------------
     0 | D:1      | frimble the Demonspawn Earth Elementalist began the quest
                  | for the Orb.
     0 | D:1      | Reached XP level 1. HP: 13/13 MP: 3/3
    59 | D:1      | Reached skill level 1 in Transmutations
   314 | D:1      | Gained mutation: You may rarely emit foul miasma when
                  | damaged in melee. [demonic ancestry]
   314 | D:1      | Reached XP level 2. HP: 19/19 MP: 3/5
   698 | D:1      | Reached skill level 1 in Short Blades
  1083 | D:2      | Reached XP level 3. HP: 12/24 MP: 2/6
  1253 | D:2      | Reached skill level 2 in Short Blades
  1601 | D:2      | Gained mutation: You have a small tail. [demonic ancestry]
  1601 | D:2      | Reached XP level 4. HP: 5/30 MP: 1/7
  2250 | D:2      | Reached skill level 3 in Short Blades
  2256 | D:2      | Found a faded altar of an unknown god.
  3030 | D:2      | Reached skill level 1 in Fighting
  3545 | D:3      | Noticed an ogre
  3549 | D:4      | Noticed Menkaure
  3549 | D:4      | Noticed a scorpion
  3573 | D:4      | HP: 2/48 [acid (1)]
  3573 | D:4      | Slain by a scorpion

Illustrated notes

Levels and vault maps discovered:
D:1:      minmay_arrival_plants_in_alcoves, layout_basic,
          dreamdust_princess_corridor
D:2:      layout_rooms, serial_undead, serial_undead_b, serial_undead_f,
          serial_undead_a, serial_undead_c, nicolae_ecumenical_snake_handling,
          hangedman_decor_growths, serial_bayou_pond_e, minmay_pentomino_s4
D:3:      layout_loops_ring, mainiacjoe_overflow_chevrons,
          nicolae_overflow_crystal_walls, serial_glass, glass_columns_a,
          glass_columns_b, feat_on_display, due_unseen_surprise, st_stairs_6,
          minmay_splitting_lines, minmay_ogre_servants, uniq_grinder
D:4:      minmay_polygon_palace, layout_basic,
          grunt_temple_overflow_gold_and_silver,
          nicolae_ru_sacrificial_ziggurat, mainiacjoe_overflow_six_doors_small,
          kennysheep_mini_moat, uniq_blork_the_orc, uniq_menkaure

Skill      XL: |  1  2  3  4 |
---------------+-------------+-----
Transmutations | 1 |  1.1
Stealth        | 2 |  2.0
Dodging        | 2 |  2.0
Short Blades   | 1 2 3 |  3.3
Fighting       | 1 |  1.3
Spellcasting   | |  2.1
Earth Magic    | |  2.8

Action                   |  1- 3 |  4- 6 || total
-------------------------+-------+-------++-------
Melee: Unarmed           |    10 |       ||    10
       Short sword       |    23 |    55 ||    78
       Tailslap          |       |     4 ||     4
 Cast: Sandblast         |    37 |    16 ||    53
  Use: Potion            |     4 |     1 ||     5
       Scroll            |     3 |     1 ||     4
 Stab: Sleeping          |     3 |     3 ||     6
Armor: Robe              |     5 |    10 ||    15
       Scale mail        |    10 |       ||    10
       Skin              |       |    34 ||    34
Dodge: Dodged            |    53 |    27 ||    80

Table legend: (Time is in decaauts)
 A = Elapsed time spent in this place.
 B = Non-inter-level travel time spent in this place.
 C = Inter-level travel time spent in this place.
 D = Time resting spent in this place.
 E = Time spent auto-exploring this place.
 F = Levels seen in this place.
 G = Mean time per level.
                   A        B        C        D        E       F      G
               +--------+--------+--------+--------+--------+-----+--------+
         Total |   3597 |   3492 |    105 |      0 |   3092 |   4 |  899.2 |
       Dungeon |   3597 |   3492 |    105 |      0 |   3092 |   4 |  899.2 |
               +--------+--------+--------+--------+--------+-----+--------+

Top non-repeatable levels by time:
     D:2: 2182 daAuts
     D:1: 1238 daAuts
     D:3: 154 daAuts
     D:4: 22 daAuts
